TOP OF THE 1ST |
Mexico City Cerveceros batting - Pitching for Calgary Cowboys : RHP Esteban Alfonzo
|
Pitching: RHP Esteban Alfonzo
|
|
Batting: SHB António Hernández
|
0-0: Swinging Strike 0-1: Ball 1-1: Called Strike 1-2: Ball 2-2: Foul Ball, location: 2F 2-2: Foul Ball, location: 2F 2-2: Foul Ball, location: 2F 2-2: Ball 3-2: Fly out, F8 (Flyball, 8RM)
|
Batting: LHB Brandon Cummings
|
0-0: Ball 1-0: Ball 2-0: Ball 3-0: Base on Balls
|
Batting: LHB Eduardo Gómez
|
0-0: Ball 1-0: Called Strike Brandon Cummings steals 2nd base 1-1: Ball 2-1: Fly out, F7 (Flyball, 7LD)
|
Batting: RHB Arnold Harmon
|
0-0: Ball 1-0: Called Strike 1-1: Foul Ball, location: 2F 1-2: Ground out 4-3 (Groundball, 13)
|
Top of the 1st over - 0 run(s), 0 hit(s), 0 error(s), 1 left on base; Mexico City 0 - Calgary 0 |
BOTTOM OF THE 1ST |
Calgary Cowboys batting - Pitching for Mexico City Cerveceros : RHP José Jiménez
|
Pitching: RHP José Jiménez
|
|
Batting: RHB Luis Peña
|
0-0: Ball 1-0: SINGLE (Groundball, 6MD) (infield hit)
|
Batting: RHB Jorge Balencia
|
0-0: Ball 1-0: Foul Ball, location: 2F 1-1: Ball 2-1: Ball 3-1: Called Strike 3-2: Base on Balls Luis Peña to second
|
Batting: LHB Miguel Pérez
|
0-0: Ball 1-0: Foul Ball, location: 2F 1-1: Called Strike Luis Peña steals 3rd base Jorge Balencia to second 1-2: Foul Ball, location: 2F 1-2: Fly out, F4 (Line Drive, 4MS)
|
Batting: RHB Dan Wyatt
|
0-0: Ball 1-0: Ball 2-0: Called Strike 2-1: Foul Ball, location: 2F 2-2: Ground out 6-3 (Groundball, 6) Luis Peña scores Jorge Balencia to third
|
Batting: RHB Clark Hodge
|
0-0: Called Strike 0-1: Ball 1-1: Ball 2-1: SINGLE (Groundball, 56D) Jorge Balencia scores
|
Batting: RHB Ramón Martínez
|
0-0: Called Strike 0-1: Swinging Strike 0-2: Foul Ball, location: 2F 0-2: SINGLE (Line Drive, 56D) Clark Hodge to second Throwing error, E7 Clark Hodge scores Ramón Martínez to second
|
Batting: RHB Mike Wilcox
|
0-0: Ball 1-0: Called Strike 1-1: Ball 2-1: Ball 3-1: Base on Balls
|
Batting: LHB Freddy Herrera
|
0-0: Ball 1-0: TRIPLE (Flyball, 7LM) Ramón Martínez scores Mike Wilcox scores
|
Batting: RHB Mario Sánchez
|
0-0: Called Strike 0-1: Foul Ball, location: 2F 0-2: Ball 1-2: Foul Ball, location: 2F 1-2: Foul Ball, location: 2F 1-2: Foul Ball, location: 2F 1-2: Ball 2-2: 2-RUN HOME RUN (Flyball, 7D), Distance : 390 ft
|
Batting: RHB Luis Peña
|
0-0: Ball 1-0: Ball 2-0: Foul Ball, location: 2F 2-1: Ball 3-1: Called Strike 3-2: Base on Balls
|
Batting: RHB Jorge Balencia
|
0-0: Ball 1-0: Called Strike 1-1: Ball 2-1: Ground out 6-3 (Groundball, 6)
|
Bottom of the 1st over - 7 run(s), 5 hit(s), 1 error(s), 1 left on base; Mexico City 0 - Calgary 7 |
TOP OF THE 2ND |
Mexico City Cerveceros batting - Pitching for Calgary Cowboys : RHP Esteban Alfonzo
|
Batting: RHB Hamilton Holbrook
|
0-0: Called Strike 0-1: Swinging Strike 0-2: Foul Ball, location: 2F 0-2: Ball 1-2: Strikes out looking
|
Batting: RHB Jesús Torres
|
0-0: Ball 1-0: Fly out, F4 (Line Drive, 4)
|
Batting: RHB Jorge González
|
0-0: Ball 1-0: SINGLE (Groundball, 5D)
|
Batting: RHB Dave Morgan
|
0-0: Ball 1-0: Called Strike 1-1: Fielders Choice at 2nd, U6 (Groundball, 6M)
|
Top of the 2nd over - 0 run(s), 1 hit(s), 0 error(s), 1 left on base; Mexico City 0 - Calgary 7 |
BOTTOM OF THE 2ND |
Calgary Cowboys batting - Pitching for Mexico City Cerveceros : RHP José Jiménez
|
Batting: LHB Miguel Pérez
|
0-0: Ground out 3-1 (Groundball, 34)
|
Batting: RHB Dan Wyatt
|
0-0: Called Strike 0-1: Ball 1-1: Ball 2-1: Ball 3-1: Base on Balls
|
Batting: RHB Clark Hodge
|
0-0: Ball 1-0: Called Strike 1-1: Ball 2-1: DOUBLE (Line Drive, 5D) Dan Wyatt to third
|
Batting: RHB Ramón Martínez
|
0-0: Swinging Strike 0-1: Ball 1-1: Ground out 4-3 (Groundball, 13) Dan Wyatt scores Clark Hodge to third
|
Pitching: RHP Troy Hawkins
|
|
Batting: RHB Mike Wilcox
|
0-0: Foul Ball, location: 2F 0-1: Ball 1-1: Fly out, F8 (Flyball, 8RD)
|
Bottom of the 2nd over - 1 run(s), 1 hit(s), 0 error(s), 1 left on base; Mexico City 0 - Calgary 8 |
TOP OF THE 3RD |
Mexico City Cerveceros batting - Pitching for Calgary Cowboys : RHP Esteban Alfonzo
|
Batting: RHB Rafael González
|
0-0: Ball 1-0: Called Strike 1-1: Foul Ball, location: 2F 1-2: Ball 2-2: Ground out 6-3 (Groundball, 56)
|
Batting: SHB António Hernández
|
0-0: SINGLE (Line Drive, 8RS)
|
Batting: LHB Brandon Cummings
|
0-0: Foul Ball, location: 2F 0-1: Ball 1-1: Called Strike 1-2: Foul Ball, location: 2F 1-2: Ball 2-2: Ball 3-2: Base on Balls António Hernández to second
|
Batting: LHB Eduardo Gómez
|
0-0: Foul Ball, location: 2F 0-1: Ball 1-1: Fly out, F7 (Line Drive, 78M)
|
Batting: RHB Arnold Harmon
|
0-0: Ball 1-0: Ball 2-0: Fly out, F8 (Flyball, 8RM)
|
Top of the 3rd over - 0 run(s), 1 hit(s), 0 error(s), 2 left on base; Mexico City 0 - Calgary 8 |
BOTTOM OF THE 3RD |
Calgary Cowboys batting - Pitching for Mexico City Cerveceros : RHP Troy Hawkins
|
Batting: LHB Freddy Herrera
|
0-0: Ball 1-0: Ball 2-0: Ball 3-0: Base on Balls
|
Batting: RHB Mario Sánchez
|
0-0: Ball 1-0: Ball 2-0: Ball 3-0: Called Strike 3-1: Called Strike 3-2: Foul Ball, location: 2F 3-2: Foul Ball, location: 2F 3-2: Base on Balls Freddy Herrera to second
|
Batting: RHB Luis Peña
|
0-0: Ball 1-0: Ball 2-0: Called Strike 2-1: SINGLE (Line Drive, 56D) Freddy Herrera to third Mario Sánchez to second
|
Batting: RHB Jorge Balencia
|
0-0: DOUBLE (Flyball, 89XD) Freddy Herrera scores Mario Sánchez scores Luis Peña to third
|
Batting: LHB Miguel Pérez
|
0-0: Swinging Strike 0-1: Ball 1-1: Foul Ball, location: 2F 1-2: Ball 2-2: Ball 3-2: Foul Ball, location: 2F 3-2: Ground out 3-1 (Groundball, 34) Luis Peña scores Jorge Balencia to third
|
Batting: RHB Dan Wyatt
|
0-0: Ball 1-0: Called Strike 1-1: Foul Ball, location: 2F 1-2: Ball 2-2: Ball 3-2: Fly out, F9 (Flyball, 89S)
|
Batting: RHB Clark Hodge
|
0-0: Foul Ball, location: 2F 0-1: Called Strike 0-2: Foul Ball, location: 2F 0-2: Ball 1-2: Ball 2-2: Ball 3-2: DOUBLE (Flyball, 78XD) Jorge Balencia scores
|
Pitching: LHP Daniel Draper
|
|
Batting: RHB Ramón Martínez
|
0-0: Ball 1-0: Ball Wild Pitch! Clark Hodge to third 2-0: Foul Ball, location: 2F 2-1: TRIPLE (Flyball, 7LD) Clark Hodge scores
|
Batting: RHB Mike Wilcox
|
0-0: Called Strike 0-1: Ball 1-1: Ball 2-1: Foul Ball, location: 2F 2-2: Foul Ball, location: 2F 2-2: Ball 3-2: Foul Ball, location: 2F 3-2: Base on Balls
|
Batting: LHB Freddy Herrera
|
0-0: Called Strike 0-1: Called Strike 0-2: Ball 1-2: Foul Ball, location: 2F 1-2: Strikes out swinging
|
Bottom of the 3rd over - 5 run(s), 4 hit(s), 0 error(s), 2 left on base; Mexico City 0 - Calgary 13 |
TOP OF THE 4TH |
Mexico City Cerveceros batting - Pitching for Calgary Cowboys : RHP Esteban Alfonzo
|
Batting: RHB Hamilton Holbrook
|
0-0: Ball 1-0: Ball 2-0: Fly out, F8 (Flyball, 8LS)
|
Batting: RHB Jesús Torres
|
0-0: DOUBLE (Flyball, 7D)
|
Batting: RHB Jorge González
|
0-0: Ball 1-0: Ball 2-0: Ball 3-0: Called Strike 3-1: Swinging Strike 3-2: Base on Balls
|
Batting: RHB Dave Morgan
|
0-0: Ball 1-0: Ball 2-0: Ground out 5-3 (Groundball, 5S) Jesús Torres to third Jorge González to second
|
Batting: RHB Rafael González
|
0-0: Called Strike 0-1: Fly out, F9 (Flyball, 9M)
|
Top of the 4th over - 0 run(s), 1 hit(s), 0 error(s), 2 left on base; Mexico City 0 - Calgary 13 |
BOTTOM OF THE 4TH |
Calgary Cowboys batting - Pitching for Mexico City Cerveceros : LHP Daniel Draper
|
Batting: RHB Mario Sánchez
|
0-0: Ground out 6-3 (Groundball, 6)
|
Batting: RHB Luis Peña
|
0-0: Fly out, F6 (Line Drive, 6D)
|
Batting: RHB Jorge Balencia
|
0-0: Foul Ball, location: 2F 0-1: Ball 1-1: Called Strike 1-2: Fly out, F9 (Flyball, 9D)
|
Bottom of the 4th over - 0 run(s), 0 hit(s), 0 error(s), 0 left on base; Mexico City 0 - Calgary 13 |
TOP OF THE 5TH |
Mexico City Cerveceros batting - Pitching for Calgary Cowboys : RHP Esteban Alfonzo
|
Batting: SHB António Hernández
|
0-0: Ground out 6-3 (Groundball, 6)
|
Batting: LHB Brandon Cummings
|
0-0: Called Strike 0-1: Fly out, F8 (Line Drive, 8RS)
|
Batting: LHB Eduardo Gómez
|
0-0: DOUBLE (Flyball, 78XD)
|
Batting: RHB Arnold Harmon
|
0-0: Called Strike 0-1: Swinging Strike 0-2: SINGLE (Groundball, 6MD) Eduardo Gómez to third Runner from 3rd tries for Home, SAFE, throw made home Arnold Harmon to second
|
Batting: RHB Hamilton Holbrook
|
0-0: Called Strike 0-1: Ball 1-1: Foul Ball, location: 2F 1-2: Ball 2-2: Strikes out swinging
|
Top of the 5th over - 1 run(s), 2 hit(s), 0 error(s), 1 left on base; Mexico City 1 - Calgary 13 |
BOTTOM OF THE 5TH |
Calgary Cowboys batting - Pitching for Mexico City Cerveceros : LHP Daniel Draper
|
Batting: LHB Miguel Pérez
|
0-0: Fly out, F3 (Popup, 34S)
|
Batting: RHB Dan Wyatt
|
0-0: Called Strike 0-1: Ground out 6-3 (Groundball, 6)
|
Batting: RHB Clark Hodge
|
0-0: Called Strike 0-1: Foul Ball, location: 2F 0-2: Ball 1-2: Fly out, F9 (Flyball, 89S)
|
Bottom of the 5th over - 0 run(s), 0 hit(s), 0 error(s), 0 left on base; Mexico City 1 - Calgary 13 |
TOP OF THE 6TH |
Mexico City Cerveceros batting - Pitching for Calgary Cowboys : RHP Esteban Alfonzo
|
Batting: RHB Jesús Torres
|
0-0: SINGLE (Groundball, 4M)
|
Batting: RHB Jorge González
|
0-0: Foul Ball, location: 2F 0-1: Ball 1-1: Fly out, F8 (Flyball, 8LXD)
|
Pitching: RHP Arthur Benson
|
|
Batting: RHB Dave Morgan
|
0-0: Ball 1-0: Swinging Strike 1-1: Foul Ball, location: 2F 1-2: Ball 2-2: Ball 3-2: Base on Balls Jesús Torres to second
|
Batting: RHB Rafael González
|
0-0: Ball 1-0: Foul Ball, location: 2F 1-1: Foul Ball, location: 2F 1-2: Fly out, F4 (Line Drive, 4)
|
Batting: SHB António Hernández
|
0-0: Called Strike 0-1: Foul Ball, location: 2F 0-2: SINGLE (Line Drive, 6M) Jesús Torres to third Dave Morgan to second Runner from 3rd tries for Home, SAFE, no throw or cutoff
|
Batting: LHB Brandon Cummings
|
0-0: Ball 1-0: Called Strike 1-1: Fly out, F7 (Flyball, 7S)
|
Top of the 6th over - 1 run(s), 2 hit(s), 0 error(s), 2 left on base; Mexico City 2 - Calgary 13 |
BOTTOM OF THE 6TH |
Calgary Cowboys batting - Pitching for Mexico City Cerveceros : LHP Daniel Draper
|
Batting: RHB Ramón Martínez
|
0-0: Ball 1-0: Ball 2-0: Swinging Strike 2-1: Called Strike 2-2: Ball 3-2: Base on Balls
|
Batting: RHB Mike Wilcox
|
0-0: Ball 1-0: Foul Ball, location: 2F 1-1: Foul Ball, location: 2F 1-2: Grounds into double play, 4-6-3 (Groundball, 4M)
|
Batting: LHB Freddy Herrera
|
0-0: Foul Ball, location: 2F 0-1: Ball 1-1: Ball 2-1: Ball 3-1: Base on Balls
|
Batting: RHB Mario Sánchez
|
0-0: Called Strike 0-1: Ball 1-1: Ball 2-1: Ball 3-1: Swinging Strike 3-2: Base on Balls Freddy Herrera to second
|
Batting: RHB Luis Peña
|
0-0: Ball 1-0: Foul Ball, location: 2F 1-1: Foul Ball, location: 2F 1-2: Ball 2-2: Ball 3-2: SINGLE (Groundball, 34D) Freddy Herrera to third Mario Sánchez to second Freddy Herrera scores Mario Sánchez to third
|
Batting: RHB Jorge Balencia
|
0-0: DOUBLE (Line Drive, 78XD) Mario Sánchez scores Luis Peña to third Runner from 3rd tries for Home, SAFE, no throw or cutoff
|
Pitching: RHP Josh Schmitt
|
|
Batting: LHB Miguel Pérez
|
0-0: Ball 1-0: Ball 2-0: Ball 3-0: Called Strike 3-1: Called Strike 3-2: Ground out U3 (Groundball, 3L)
|
Bottom of the 6th over - 3 run(s), 2 hit(s), 0 error(s), 1 left on base; Mexico City 2 - Calgary 16 |
TOP OF THE 7TH |
Mexico City Cerveceros batting - Pitching for Calgary Cowboys : RHP Arthur Benson
|
Batting: LHB Eduardo Gómez
|
0-0: Called Strike 0-1: Ball 1-1: Ground out U3 (Groundball, 3L)
|
Batting: RHB Arnold Harmon
|
0-0: Called Strike 0-1: Ball 1-1: SOLO HOME RUN (Flyball, 8RXD), Distance : 434 ft
|
Batting: RHB Hamilton Holbrook
|
0-0: Ball 1-0: Fly out, F8 (Line Drive, 8RS)
|
Batting: RHB Jesús Torres
|
0-0: Ball 1-0: Called Strike 1-1: Ground out 1-3 (Groundball, 15)
|
Top of the 7th over - 1 run(s), 1 hit(s), 0 error(s), 0 left on base; Mexico City 3 - Calgary 16 |
BOTTOM OF THE 7TH |
Calgary Cowboys batting - Pitching for Mexico City Cerveceros : RHP Josh Schmitt
|
Batting: RHB Dan Wyatt
|
0-0: Called Strike 0-1: Foul Ball, location: 2F 0-2: SINGLE (Groundball, 6MD)
|
Pinch Hitting: RHB Iain Liefting
|
0-0: Foul Ball, location: 2F 0-1: Foul Ball, location: 2F 0-2: Foul Ball, location: 2F 0-2: Strikes out swinging
|
Batting: RHB Ramón Martínez
|
0-0: Ball 1-0: Ball 2-0: Called Strike 2-1: Ball 3-1: Base on Balls Dan Wyatt to second
|
Batting: RHB Mike Wilcox
|
0-0: Ball 1-0: Ball 2-0: Ball 3-0: Base on Balls Dan Wyatt to third Ramón Martínez to second
|
Batting: LHB Freddy Herrera
|
0-0: Foul Ball, location: 2F 0-1: Grounds into double play, 6-4-3 (Groundball, 6)
|
Bottom of the 7th over - 0 run(s), 1 hit(s), 0 error(s), 2 left on base; Mexico City 3 - Calgary 16 |
TOP OF THE 8TH |
Mexico City Cerveceros batting - Pitching for Calgary Cowboys : RHP Arthur Benson
|
Now in CF: Derek Carr
|
|
Batting: RHB Jorge González
|
0-0: SINGLE (Line Drive, 9LS)
|
Batting: RHB Dave Morgan
|
0-0: Foul Ball, location: 2F 0-1: Ball 1-1: Ball 2-1: Swinging Strike 2-2: Ball 3-2: Grounds into double play, 5-4-3 (Groundball, 5)
|
Batting: RHB Rafael González
|
0-0: Called Strike 0-1: Foul Ball, location: 2F 0-2: Ball 1-2: Ball 2-2: Ball 3-2: SOLO HOME RUN (Flyball, 7D), Distance : 372 ft
|
Batting: SHB António Hernández
|
0-0: Ball 1-0: Foul Ball, location: 2F 1-1: Called Strike 1-2: Ball 2-2: Fly out, F7 (Flyball, 7M)
|
Top of the 8th over - 1 run(s), 2 hit(s), 0 error(s), 0 left on base; Mexico City 4 - Calgary 16 |
BOTTOM OF THE 8TH |
Calgary Cowboys batting - Pitching for Mexico City Cerveceros : RHP Josh Schmitt
|
Batting: RHB Mario Sánchez
|
0-0: Called Strike 0-1: Swinging Strike 0-2: Strikes out looking
|
Batting: RHB Luis Peña
|
0-0: Called Strike 0-1: Swinging Strike 0-2: Ball 1-2: Ball 2-2: SINGLE (Line Drive, 56D)
|
Batting: RHB Jorge Balencia
|
0-0: Ball 1-0: SINGLE (Line Drive, 4MD) Luis Peña to second
|
Batting: LHB Miguel Pérez
|
0-0: Ball Wild Pitch! Luis Peña to third Jorge Balencia to second 1-0: Ball 2-0: Called Strike 2-1: Foul Ball, location: 2F 2-2: Fly out, F8 (Flyball, 8LM) Runner from 3rd tags up, SCORES, no throw
|
Batting: RHB Dan Wyatt
|
0-0: Ball 1-0: Ball 2-0: Ball 3-0: Called Strike 3-1: Foul Ball, location: 2F 3-2: SINGLE (Line Drive, 34D) Jorge Balencia to third Jorge Balencia scores
|
Batting: RHB Derek Carr
|
0-0: Swinging Strike 0-1: Swinging Strike 0-2: Foul Ball, location: 2F 0-2: Strikes out looking
|
Bottom of the 8th over - 2 run(s), 3 hit(s), 0 error(s), 1 left on base; Mexico City 4 - Calgary 18 |
TOP OF THE 9TH |
Mexico City Cerveceros batting - Pitching for Calgary Cowboys : RHP Arthur Benson
|
Batting: LHB Brandon Cummings
|
0-0: Called Strike 0-1: DOUBLE (Flyball, 78D)
|
Batting: LHB Eduardo Gómez
|
0-0: Ball 1-0: Ball 2-0: Called Strike 2-1: Foul Ball, location: 2F 2-2: Strikes out swinging
|
Batting: RHB Arnold Harmon
|
0-0: Ground out 6-3 (Groundball, 6)
|
Batting: RHB Hamilton Holbrook
|
0-0: Called Strike 0-1: Swinging Strike 0-2: Strikes out looking
|
Top of the 9th over - 0 run(s), 1 hit(s), 0 error(s), 1 left on base; Mexico City 4 - Calgary 18 |
|